 Dungeon Crawl Stone Soup version 0.29.1-2-gbd0b4ee654 (webtiles) character file.

Game seed: 6639455509264998320

24 Descartes the Ducker (level 2, 0/14 HPs)
             Began as a Spriggan Wanderer on Nov 16, 2022.
             Succumbed to an adder's poison
             ... on level 1 of the Dungeon.
             The game lasted 00:03:15 (1660 turns).

Descartes the Ducker (Spriggan Wanderer)            Turns: 1660, Time: 00:03:16

Health: 0/14       AC:  4    Str:  5    XL:     2   Next: 79%
Magic:  1/5        EV: 20    Int: 14    God:
Gold:   92         SH:  0    Dex: 16    Spells: 3/4 levels left

rFire   . . .      SeeInvis +   a - +0 dagger
rCold   . . .      Faith    .   (no shield)
rNeg    . . .      Spirit   .   d - +2 robe
rPois   .          Reflect  .   (helmet restricted)
rElec   .          Harm     .   (no cloak)
rCorr   .          Rampage  .   (gloves unavailable)
Will    .....                   (boots unavailable)
Stlth   ++........              (no amulet)
HPRegen 0.04/turn               (no ring)
MPRegen 0.09/turn               (no ring)

@: lethally poisoned (0 -> -3), very quick
A: very small, no large weapons, unfitting armour, see invisible, speed 3
a: no special abilities


You were on level 1 of the Dungeon.
You visited 1 branch of the dungeon, and saw 2 of its levels.

You collected 92 gold pieces.

Inventory:

Hand Weapons
 a - a +0 dagger (weapon)
Missiles
 k - 6 poisoned darts
Armour
 d - a +2 robe (worn)
Jewellery
 e - a ring of protection from fire
Scrolls
 b - a scroll of fog
 c - a scroll of blinking
 f - a scroll of noise {unknown}
 g - a scroll of teleportation {unknown}
 h - a scroll of immolation {unknown}
 l - a scroll of enchant armour {unknown}
Potions
 i - a potion of flight {unknown}
 j - a potion of ambrosia {unknown}


   Skills:
 - Level 1.0 Fighting
 + Level 0.5 Short Blades
 - Level 1.0 Throwing
 + Level 5.8 Dodging
 + Level 2.2 Stealth
 + Level 1.9 Spellcasting
 + Level 1.2 Conjurations
 + Level 0.8 Poison Magic


You had 3 spell levels left.
You knew the following spells:

 Your Spells              Type           Power      Damage    Failure   Level
a - Magic Dart            Conj           16%        1d3       14%         1

Your spell library contained the following spells:

 Spells                   Type           Power      Damage    Failure   Level
 Stone Arrow              Conj/Erth      6%         3d7       50%         3


Dungeon Overview and Level Annotations

Branches:
Dungeon (2/15)

Altars:


Innate Abilities, Weirdness & Mutations

You are very small and have problems with some larger weapons.
You are too small for most types of armour.
You have supernaturally acute eyesight. (SInv)
You cover ground extremely quickly. (Speed+++)


Message History

Confirm with . or Enter, or press ? or * to list all spells.
Aiming: Magic Dart (safe; 14% risk of failure)
Press: ? - help, Shift-Dir - straight line, f/p - adder
Aim: an adder (heavily wounded, 100% to hit)
The magic dart hits the adder.
The adder is severely wounded.
The adder closely misses you. The adder barely misses you.
You barely miss the adder.
The adder is severely wounded.
The adder bites you.
You are poisoned.
The adder poisons you!
You miss the adder.
The adder is severely wounded.
You feel sick. The adder completely misses you.
You hit the adder but do no damage.
The adder is severely wounded.
You feel sick. The adder misses you.
You completely miss the adder.
The adder is severely wounded.
You feel sick. The adder bites you.
You are lethally poisoned!
The adder poisons you! The adder barely misses you.
You miss the adder.
The adder is severely wounded.
You feel sick. The adder misses you.
You hit the adder but do no damage.
The adder is severely wounded.
You feel sick. The adder bites you but does no damage.
You closely miss the adder.
The adder is severely wounded.
* * * LOW HITPOINT WARNING * * *
You feel sick. The adder misses you. x2
* * * LOW HITPOINT WARNING * * *
You feel sick.
There is a stone staircase leading up here.
* * * LOW HITPOINT WARNING * * *
You feel sick. The adder closely misses you.
You climb upwards.
You die...

#............# #.##########.#
#.# #.# #.# #^########### #.#
#...........# #.#
#...........# #.#
#...........# ######.#######
#...........#
#...........@####...........#
##.###.#####........>.......#
#[..#.........##...........#
###.#######...##...........#
#.............##########....
##.#.######......########....
#......# #....#.............
##.#.#.# #.#..##########....
#.#.#.####.#.).####### #....


There were no monsters in sight!

Vanquished Creatures
  A dart slug (D:2)
  4 bats (D:1)
  2 endoplasms (D:1)
  2 giant cockroaches (D:1)
  2 goblins (D:1)
  A hobgoblin (D:1)
  A quokka (D:2)
  A ball python (D:1)
  3 frilled lizards
  4 kobolds
  A rat (D:1)
22 creatures vanquished.

Notes
Turn   | Place    | Note
-------+----------+-------------------------------------------
     0 | D:1      | Descartes the Spriggan Wanderer began the quest for the
                  | Orb.
     0 | D:1      | Descartes set off with the following items: a +0 dagger, a
                  | scroll of fog, a scroll of blinking, a +2 robe; and the
                  | following spell memorised: Magic Dart; and the following
                  | spells available to memorise: Stone Arrow.
     0 | D:1      | Reached XP level 1. HP: 10/10 MP: 3/3
   349 | D:1      | Reached XP level 2. HP: 14/14 MP: 5/5
  1660 | D:1      | Succumbed to an adder's poison

Illustrated notes

Levels and vault maps discovered:
D:1:      saegor_arrival_simple_e, layout_basic
D:2:      layout_loops_ring, serial_shops,
          nicolae_shop_competitors_out_of_business

Skill      XL: |  1 |
---------------+----+-----
Stealth        | 2 |  2.2
Fighting       | |  1.0
Short Blades   | |  0.5
Throwing       | |  1.0
Dodging        | |  5.8
Spellcasting   | |  1.9
Conjurations   | |  1.2
Poison Magic   | |  0.8

Action                   || total
-------------------------++-------
Melee: Dagger            ||    55
 Cast: Magic Dart        ||    38
 Stab: Sleeping          ||     2
Armor: Robe              ||     8
Dodge: Dodged            ||    51
